AoeStats
← Cynthia

Nomad

509939690Analyzed
2v2 RM · 3d ago on Sep 28, 2026· 34m 11s· 4 players
Game mode
Random Map
Map size
176×176
Population
200
Speed
Normal
Resources
Standard
Victory
Conquest
Starting age
Dark Age
Ending age
Imperial Age
RankedLock teamsTeams togetherTeam positionsShared explorationLock speedFull tech treeHidden civsTurbo modeCheats
Victory
Defeat
🇺🇸 Persians · United States
1582
+14
🇧🇪 Ethiopians · Belgium
1548
+15
1541
-15
🇪🇸 Cumans · Spain
1536
-14
Flow
3:56 Loom
13:37 Feudal Age
15:07 Town Watch
18:41 Castle Age
18:12 Scale Barding Armor
19:01 Forging
18:45 Gold Mining
18:40 Double-Bit Axe
23:43 Sanctity
28:39 Chain Barding Armor
FMG | Sawasha Takohida
11:36 Feudal Age
14:48 Loom
16:24 Double-Bit Axe
24:16 Castle Age
24:18 Gold Mining
25:33 Horse Collar
30:01 Scale Mail Armor
32:13 Chain Mail Armor
32:01 Squires
32:53 Forging
35:08 Wheelbarrow
PieterDela
10:04 Loom
12:32 Feudal Age
16:32 Fletching
18:06 Double-Bit Axe
25:22 Castle Age
24:37 Gold Mining
26:01 Bodkin Arrow
25:30 Crossbowman
26:32 Bow Saw
29:03 Padded Archer Armor
33:54 Ballistics
33:53 Scale Mail Armor
33:50 Town Watch
34:41 Wheelbarrow
Cynthia
9:11 Loom
11:34 Feudal Age
15:51 Castle Age
13:45 Horse Collar
21:25 Scale Barding Armor
Connection lost

Rejoining the realm…

Still unreachable

The connection could not be restored.

Session expired

The server has moved on; the page needs a fresh start.